 Dungeon Sprint DCSS version 0.20.1-1-g8b1a95d (webtiles) character file.

1875 wojtek the Protected (level 8, -3/78 HPs)
             Began as a Minotaur Fighter on Dec 30, 2017.
             Was a Believer of Makhleb.
             Slain by a deep troll (10 damage)
             ... in the Dungeon (Sprint I: "Red Sonja").
             The game lasted 00:01:36 (935 turns).

wojtek the Protected (Minotaur Fighter)              Turns: 935, Time: 00:01:38

Health: -3/78      AC:  9    Str: 24    XL:     8   Next: 91%
Magic:  10/10      EV: 12    Int:  5    God:    Makhleb [**....]
Gold:   421        SH: 12    Dex:  9    Spells: 7/7 levels left

rFire    . . .     SeeInvis .   a - +0 flail
rCold    . . .     Gourm    .   c - +0 shield
rNeg     . . .     Faith    .   b - +0 scale mail
rPois    .         Spirit   .   (helmet restricted)
rElec    .         Reflect  .   (no cloak)
rCorr    .         Harm     .   (no gloves)
MR       .....     NoTele   +   (no boots)
Stlth    ..........             (no amulet)
Regen    0.3/turn               (no ring)
MPRegen  0.2/turn               (no ring)

@: no status effects
A: retaliatory headbutt, horns 2
a: Minor Destruction, Renounce Religion


You were in the Dungeon.
You worshipped Makhleb.
Makhleb was pleased with you.
You were not hungry.

You visited 1 branch You collected 421 gold pieces.

Inventory:

Hand Weapons
 a - a +0 flail (weapon)
Armour
 b - a +0 scale mail (worn)
 c - a +0 shield (worn)
Wands
 m - a wand of flame (29/48)
Scrolls
 k - a scroll of blinking
 n - a scroll of identify {unknown}
Potions
 d - a potion of might
 e - a potion of curing
 h - a potion of haste
 i - 2 potions of magic
 l - a potion of brilliance {unknown}
Comestibles
 f - a bread ration


   Skills:
 + Level 9.5 Fighting
 * Level 12.4 Maces & Flails
 * Level 12.7 Armour
 + Level 8.0 Dodging
 + Level 9.5 Shields
 + Level 4.7 Invocations


You had 7 spell levels left.
You didn't know any spells.

Dungeon Overview and Level Annotations

Branches:
Dungeon (1/1)

Altars:
Cheibriados
Dithmenos
Elyvilon
Fedhas
Gozag
Hepliaklqana
Kikubaaqudgha
Makhleb
Nemelex Xobeh
Okawaru
Qazlal
Ru
Sif Muna
Trog
Uskayaw
Vehumet
Xom
Yredelemnul
Zin
The Shining One
Jiyva
Lugonu

Shops:
D %


Innate Abilities, Weirdness & Mutations

You reflexively headbutt those who attack you in melee.
You have a pair of horns on your head.


Message History

There is an open door here.
Your shield and scale mail prevent you from hitting the deep troll.
Your headbutt misses the deep troll. The deep troll bites you.
* * * LOW HITPOINT WARNING * * *
You block the deep troll's attack. The deep troll barely misses you.
You closely miss the deep troll. You block the deep troll's attack.
The deep troll closely misses you. The deep troll claws you!
* * * LOW HITPOINT WARNING * * *
You thump the deep troll! Your headbutt misses the deep troll.
The deep troll is lightly wounded.
The deep troll bites you but does no damage.
The deep troll misses you.
The deep troll claws you but does no damage.
You hit the deep troll but do no damage.
You headbutt the deep troll!
The deep troll is moderately wounded.
The deep troll bites you but does no damage.
The deep troll claws you but does no damage.
The deep troll claws you!
You die...

##########################
#<.#..)..#..'..#__#..')..#
#..').#..').#.('^.'..#)..#
#..#####'#####(#__####...+
#..####..#...#(####§§#####
#..#__####..##(#§§§§.#$§
#..#_____##'#..§≈§§§.§§
#⌠⌠#_.∩...'...T#§§≈..#§
####_..__##_.#@##§####
#_____###+#.#§[(. #######
####§### ..c ###


You could see a deep troll.

Vanquished Creatures
  A centaur warrior (D)
  2 kobold demonologists (D)
  A slime creature (D)
  Sigmund (D)
  A yak (D)
  A floating eye (D)
  An ogre (D)
  A jelly (D)
  Ijyb (D)
10 creatures vanquished.

Vanquished Creatures (others)
  A gargoyle (D)
1 creature vanquished.

Grand Total: 11 creatures vanquished

Notes
Turn   | Place    | Note
-------+----------+-------------------------------------------
     0 | D        | wojtek the Minotaur Fighter began the quest for the Orb.
     0 | D        | Reached XP level 1. HP: 19/19 MP: 0/0
     2 | D        | Noticed Ijyb
    12 | D        | Killed Ijyb
    12 | D        | Reached skill level 5 in Armour
    12 | D        | Reached XP level 2. HP: 27/28 MP: 1/1
    15 | D        | Noticed an ogre
    22 | D        | Killed an ogre
    22 | D        | Reached skill level 5 in Fighting
    22 | D        | Reached skill level 5 in Shields
    22 | D        | Reached XP level 3. HP: 13/36 MP: 2/2
    22 | D        | Reached XP level 4. HP: 16/42 MP: 3/3
   206 | D        | Noticed Sigmund
   215 | D        | Killed Sigmund
   215 | D        | Reached skill level 5 in Dodging
   215 | D        | Reached XP level 5. HP: 38/51 MP: 4/4
   215 | D        | Reached XP level 6. HP: 43/58 MP: 5/5
   292 | D        | Found a burning altar of Makhleb.
   292 | D        | Found a viscous altar of Jiyva.
   292 | D        | Found a shimmering altar of Xom.
   292 | D        | Found a corrupted altar of Lugonu.
   292 | D        | Noticed a slime creature
   301 | D        | Killed a slime creature
   301 | D        | Reached skill level 10 in Armour
   304 | D        | Became a worshipper of Makhleb the Destroyer
   499 | D        | Found a deep blue altar of Sif Muna.
   501 | D        | Found a radiant altar of Vehumet.
   535 | D        | Found Aheot's Food Emporium.
   535 | D        | Found an ancient bone altar of Kikubaaqudgha.
   535 | D        | Found a hazy altar of Hepliaklqana.
   535 | D        | Found a hide-covered altar of Uskayaw.
   535 | D        | Found a basalt altar of Yredelemnul.
   535 | D        | Found an opulent altar of Gozag.
   535 | D        | Found a snail-covered altar of Cheibriados.
   535 | D        | Found a sacrificial altar of Ru.
   535 | D        | Found a shadowy altar of Dithmenos.
   535 | D        | Noticed a yak
   539 | D        | Killed a yak
   539 | D        | Reached skill level 10 in Maces & Flails
   539 | D        | Reached skill level 1 in Invocations
   539 | D        | Reached XP level 7. HP: 65/67 MP: 5/7
   540 | D        | Found a stormy altar of Qazlal.
   540 | D        | Found a blossoming altar of Fedhas.
   540 | D        | Found a bloodstained altar of Trog.
   540 | D        | Found an iron altar of Okawaru.
   540 | D        | Found a glowing golden altar of the Shining One.
   540 | D        | Found a glowing silver altar of Zin.
   540 | D        | Found a white marble altar of Elyvilon.
   543 | D        | Found a sparkling altar of Nemelex Xobeh.
   572 | D        | Noticed a kobold demonologist
   573 | D        | Noticed a kobold demonologist
   573 | D        | Paralysed by a floating eye for 2 turns
   576 | D        | Reached * piety under Makhleb
   577 | D        | Noticed an ice devil
   580 | D        | Noticed an ice devil
   594 | D        | Killed a kobold demonologist
   597 | D        | Noticed an ice devil
   602 | D        | Killed a kobold demonologist
   602 | D        | Reached XP level 8. HP: 40/77 MP: 7/9
   723 | D        | Killed a gargoyle
   769 | D        | Noticed a centaur warrior
   769 | D        | Noticed a centaur warrior
   786 | D        | Killed a centaur warrior
   786 | D        | Reached ** piety under Makhleb
   926 | D        | Noticed a deep troll
   935 | D        | Slain by a deep troll

Skill      XL: |  1  2  3  4  5  6  7  8 |
---------------+-------------------------+-----
Fighting       | 4 5 6 7 8 9 |  9.5
Maces & Flails | 4 6 8 10 11 12 | 12.4
Armour         | 5 6 8 10 11 12 | 12.7
Dodging        | 2 3 5 6 7 8 |  8.0
Shields        | 4 5 6 7 8 9 |  9.5
Invocations    | 1 3 4 |  4.7

Action                   |  1- 3 |  4- 6 |  7- 9 || total
-------------------------+-------+-------+-------++-------
Melee: Flail             |    16 |    21 |    39 ||    76
       Headbutt          |     4 |     6 |     8 ||    18
  Use: Potion            |       |       |     2 ||     2
Armor: Scale mail        |     2 |     3 |    16 ||    21
Dodge: Dodged            |     5 |     2 |    11 ||    18
Block: Shield            |     7 |     6 |    26 ||    39
